 Dungeon Crawl Stone Soup version 0.30-a0-949-g53dc5368d7 (webtiles) character file.

Game seed: 15140356092960673896

133 garo1102 the Digger (level 5, -1/29 HPs)
             Began as a Gargoyle Earth Elementalist on Mar 27, 2023.
             Killed by divine providence
             ... invoked by an orc priest
              (15 damage)
             ... on level 3 of the Dungeon.
             The game lasted 00:07:08 (2643 turns).

garo1102 the Digger (Gargoyle Earth Elementalist)   Turns: 2643, Time: 00:07:09

Health: -1/29      AC:  6    Str: 11    XL:     5   Next: 16%
Magic:  5/9        EV: 12    Int: 18    God:
Gold:   150        SH:  0    Dex: 10    Spells: 9/10 levels left

rFire   . . .      SeeInvis .    j - +1 dagger (protect)
rCold   . . .      Faith    .    (no shield)
rNeg    + . .      Spirit   .    a - +0 robe
rPois   ∞          Reflect  .    (no helmet)
rElec   +          Rampage  .    (no cloak)
rCorr   .                        (no gloves)
Will    .....                    (no boots)
Stlth   ++                       (no amulet)
HPRegen 0.24/turn                (no ring)
MPRegen 0.11/turn                (no ring)

@: no status effects
A: sickness immunity, AC +4, negative energy resistance 1, electricity
resistance, torment resistance 1, petrification resistance
a: no special abilities


You were on level 3 of the Dungeon.
You visited 1 branch of the dungeon, and saw 3 of its levels.

You collected 150 gold pieces.

Inventory:

Hand Weapons
 j - a +1 dagger of protection (weapon)
Armour
 a - a +0 robe (worn)
 l - a scarf of harm
Magical Staves
 n - a staff of fire
Scrolls
 c - 2 scrolls of identify {unknown}
 d - a scroll of poison {unknown}
 h - 3 scrolls of teleportation {unknown}
 k - a scroll of immolation {unknown}
 m - a scroll of acquirement {unknown}
 o - a scroll of enchant armour {unknown}
Potions
 b - a potion of magic
 e - a potion of berserk rage {unknown}
 f - 2 potions of curing {unknown}
 g - a potion of lignification {unknown}
 i - a potion of degeneration {unknown}


   Skills:
 + Level 1.5 Fighting
 + Level 2.1 Dodging
 + Level 3.0 Stealth
 * Level 3.1 Spellcasting
 + Level 1.6 Transmutations
 + Level 4.1 Earth Magic


You had 9 spell levels left.
You knew the following spells:

 Your Spells              Type           Power      Damage    Failure   Level
a - Sandblast             Erth           34%        2d9       3%          1

Your spell library contained the following spells:

 Spells                   Type           Power      Damage    Failure   Level
 Passwall                 Tmut/Erth      10%        N/A       8%          2
 Stone Arrow              Conj/Erth      20%        3d8       21%         3
 Petrify                  Tmut/Erth      13%        N/A       45%         4


Dungeon Overview and Level Annotations

Branches:
Dungeon (3/15)

Altars:


Innate Abilities, Weirdness & Mutations

You are immune to sickness and miasma.
Your stone body is resilient. (AC +4)
You are immune to poison.
You resist negative energy. (rN+)
You are resistant to electric shocks. (rElec)
You are resistant to unholy torment.
You are immune to petrification.


Message History

Casting: Sandblast (safe; 3% risk of failure)
Confirm with . or Enter, or press ? or * to list all spells.
Aiming: Sandblast (safe; 3% risk of failure)
Press: ? - help, Shift-Dir - straight line, f/p - orc priest
Aim: an orc priest, wielding a +1 dagger of protection and wearing a +0 leather armour (82% to hit)
The blast of sand misses the orc priest.
The bat hits you but does no damage. x2
The orc priest hits you but does no damage.
Casting: Sandblast (safe; 3% risk of failure)
Confirm with . or Enter, or press ? or * to list all spells.
Aiming: Sandblast (safe; 3% risk of failure)
Press: ? - help, Shift-Dir - straight line, f/p - orc priest
Aim: an orc priest, wielding a +1 dagger of protection and wearing a +0 leather armour (82% to hit)
The blast of sand hits the orc priest but does no damage.
The bat hits you but does no damage.
The orc priest hits you but does no damage.
The rat bites you.
The orc priest hits you but does no damage.
Casting: Sandblast (safe; 3% risk of failure)
Confirm with . or Enter, or press ? or * to list all spells.
Aiming: Sandblast (safe; 3% risk of failure)
Press: ? - help, Shift-Dir - straight line, f/p - orc priest
Aim: an orc priest, wielding a +1 dagger of protection and wearing a +0 leather armour (82% to hit)
The blast of sand hits the orc priest.
The orc priest is lightly wounded.
The bat misses you. x2
The orc priest hits you with a +1 dagger of protection.
The rat bites you but does no damage. The rat attacks as you move away!
The rat misses you.
The orc priest looks encouraged for a moment.
The bat hits you. The rat attacks as you move away! The rat barely misses you.
The bat barely misses you.
The orc priest looks satisfied for a moment.
The orc priest mumbles some strange prayers to Beogh against you.
Beogh smites you!
The orc priest calls down the wrath of Beogh upon you.
Beogh smites you!
Ouch! That really hurt!
You die...

#### ...# ...# ...# ...# ####
...## #...##! ....#####
##.......
........###############........
...####.........@..rb.o........
...# #################........
.### ##....... ..# #...##.
#...# .### ###.# # # ... # #.#
# ... ###


You could see an orc priest, a bat and a rat.

Vanquished Creatures
  A hound (D:2)
  3 adders
  A gnoll (D:1)
  2 worms (D:2)
  A dart slug (D:2)
  4 orcs
  3 ball pythons
  5 bats
  An endoplasm (D:2)
  3 giant cockroaches
  6 goblins
  5 hobgoblins
  3 quokkas
  5 frilled lizards
  3 kobolds
  8 rats
54 creatures vanquished.

Notes
Turn   | Place    | Note
-------+----------+-------------------------------------------
     0 | D:1      | garo1102 the Gargoyle Earth Elementalist began the quest
                  | for the Orb.
     0 | D:1      | Reached XP level 1. HP: 10/10 MP: 3/3
   145 | D:1      | Reached skill level 1 in Transmutations
   199 | D:1      | Reached XP level 2. HP: 15/16 MP: 1/5
   707 | D:1      | Reached XP level 3. HP: 20/20 MP: 4/6
   950 | D:1      | Reached skill level 1 in Fighting
  1249 | D:2      | Reached XP level 4. HP: 25/25 MP: 3/8
  1492 | D:2      | Reached skill level 4 in Earth Magic
  2506 | D:3      | Reached XP level 5. HP: 29/29 MP: 6/9
  2643 | D:3      | Killed from afar by an orc priest

Illustrated notes

Levels and vault maps discovered:
D:1:      mushboom_english_gardens, layout_loops_corners, serial_aquarium,
          aquarium_bridge_straight [aquarium_subvault_bridge,
          aquarium_subvault_wall, aquarium_subvault_bridge,
          aquarium_subvault_wall], aquarium_bridge_straight
          [aquarium_subvault_bridge, aquarium_subvault_balcony,
          aquarium_subvault_bridge, aquarium_subvault_balcony],
          aquarium_window_fake, aquarium_window_fake, aquarium_view_2d,
          hangedman_decor_growths
D:2:      layout_basic, kennysheep_flooded_box
D:3:      layout_rooms, gammafunk_temple_overflow_elements, grunt_ministairs_14

Skill      XL: |  1  2  3  4  5 |
---------------+----------------+-----
Transmutations | 1 |  1.6
Fighting       | 1 |  1.5
Earth Magic    | 4 |  4.1
Dodging        | 2 |  2.1
Spellcasting   | 3 |  3.1
Stealth        | 3 |  3.0

Action                     |  1- 3 |  4- 6 || total
---------------------------+-------+-------++-------
  Melee: Unarmed           |     2 |     1 ||     3
         Dagger            |       |    26 ||    26
         Punch             |       |     1 ||     1
   Cast: Sandblast         |    25 |    61 ||    86
   Stab: Sleeping          |       |     1 ||     1
 Armour: Robe              |     2 |    20 ||    22
  Dodge: Dodged            |     6 |    50 ||    56

Table legend: (Time is in decaauts)
 A = Elapsed time spent in this place.
 B = Non-inter-level travel time spent in this place.
 C = Inter-level travel time spent in this place.
 D = Time resting spent in this place.
 E = Time spent auto-exploring this place.
 F = Levels seen in this place.
 G = Mean time per level.
                   A        B        C        D        E       F      G
               +--------+--------+--------+--------+--------+-----+--------+
         Total |   2687 |   2544 |    143 |    345 |   1758 |   3 |  895.7 |
       Dungeon |   2687 |   2544 |    143 |    345 |   1758 |   3 |  895.7 |
               +--------+--------+--------+--------+--------+-----+--------+

Top non-repeatable levels by time:
     D:2: 1301 daAuts
     D:1: 1183 daAuts
     D:3: 202 daAuts
